 Dungeon Crawl Stone Soup version 0.19.0-19-g8c6edcc (webtiles) character file.

814 HungrySpirit the Cleaver (level 7, -1/61 HPs)
             Began as a Hill Orc Wanderer on Nov 15, 2016.
             Slain by a human zombie (5 damage)
             ... in an ossuary.
             The game lasted 00:08:05 (4560 turns).

HungrySpirit the Cleaver (Hill Orc Wanderer)        Turns: 4560, Time: 00:08:05

Health: -1/61      AC:  6    Str: 20    XL:     7   Next: 93%
Magic:  7/7        EV: 11    Int:  9    God:
Gold:   166        SH:  0    Dex: 10    Spells: 0 memorised, 6 levels left

rFire  . . .     SeeInvis .     b - +0 hand axe
rCold  . . .     Gourm    .     i - +1 ring mail
rNeg   . . .     Faith    .     (no shield)
rPois  .         Spirit   .     (no helmet)
rElec  .         Reflect  .     (no cloak)
rCorr  .         Harm     .     (no gloves)
MR     .....     Rnd*Tele +     (no boots)
Stlth  +.........               (no amulet)
                                (no ring)
                                (no ring)

@: exhausted, slowed, very slow
A: molten scales 1, blink, deformed body, slow regeneration 1, teleportitis 1,
subdued magic 2
a: Blink


You were in an ossuary.
You were not hungry.

You visited 1 branch of the dungeon, and saw 4 of its levels.
You also visited: Sewer and Ossuary.

You collected 166 gold pieces.

Inventory:

Hand Weapons
 b - a +0 hand axe (weapon)
Armour
 a - a +0 shield
 i - a +1 ring mail (worn)
Jewellery
 q - an uncursed ring of flight
Wands
 d - a wand of confusion (39/48)
 m - a wand of flame (31/48)
Scrolls
 e - 2 scrolls of magic mapping
 j - 4 scrolls of identify
 n - a scroll of fear
 r - a scroll of remove curse {unknown}
Potions
 g - 3 potions of haste
 l - 2 potions of curing
 p - a potion of magic
Books
 k - a book of Conjurations

   Spells                             Type                      Level
   a - Magic Dart                     Conjuration                  1
   b - Searing Ray                    Conjuration                  2
   c - Dazzling Spray                 Conjuration/Hexes            3
   d - Fulminant Prism                Conjuration/Hexes            4
   e - Iskenderun's Mystic Blast      Conjuration                  4
   f - Iskenderun's Battlesphere      Conjuration/Charms           5
Comestibles
 f - 4 bread rations


   Skills:
 + Level 5.5 Fighting
   Level 1.1 Long Blades
 * Level 8.9 Axes
 + Level 4.0 Armour
 - Level 1.5 Dodging
 - Level 1.0 Stealth
 - Level 1.1 Shields
 - Level 1.0 Evocations


You had 6 spell levels left.
You didn't know any spells.

Dungeon Overview and Level Annotations

Branches:
Dungeon (4/15)
 Temple: D:4-7

Altars:

Annotations:
D:4 Robin


Innate Abilities, Weirdness & Mutations

You are partially covered in molten scales. (AC +2)
You can translocate small distances at will.
Armour fits poorly on your strangely shaped body.
You regenerate slowly when monsters are visible.
You are occasionally teleported next to monsters.
Your spells are easier to cast, but less powerful.


Message History

Unknown command.
You barely miss the human zombie.
The human zombie is heavily damaged.
Unknown command.
You slash the human zombie!
The human zombie is severely damaged.
The human zombie closely misses you.
Unknown command.
You are no longer berserk.
You are exhausted.
You feel yourself slow down.
Unknown command.
You slash the hobgoblin zombie!
You destroy the hobgoblin zombie!
The human zombie closely misses you.
Unknown command.
You hit the human zombie.
The human zombie is severely damaged.
The human zombie hits you.
You die...

......8..8........#
..................#
.######..######...#
#.^# .#...# #.^#
.#...#
.####ZZ####.#...#
#.....ZZMZ...#...#
#.....ZZ####Z#...#
#.......#.@#.#...#
#.......#..ZZ#...#
#...M.∩.######...#
####'.... #...#
Z#...# #...# ZZ#...
#...#
.##############...#
..................#
.......∩∩.........#


You could see a kobold zombie and a human zombie.

Vanquished Creatures
  An ogre (D:4)
  3 big kobolds (Sewer)
  An elf zombie (Ossuary)
  A human zombie (Ossuary)
  A hound (D:4)
  An orc priest (D:3)
  An iguana (D:4)
  An orc wizard (D:3)
  Natasha (D:2)
  2 mummies (Ossuary)
  11 adders
  A river rat (D:3)
  4 oozes
  2 adder zombies
  8 worms
  A leopard gecko (D:3)
  5 orcs (D:3)
  8 giant cockroaches
  3 goblins
  8 hobgoblins
  8 kobolds
  3 quokkas
  5 ball pythons (Sewer)
  9 bats
  4 frilled lizards
  A giant cockroach zombie (D:2)
  A goblin zombie (Ossuary)
  9 hobgoblin zombies (Ossuary)
  A jackal zombie (Ossuary)
  6 kobold zombies (Ossuary)
  4 orc zombies (Ossuary)
  A quokka zombie (D:2)
  17 rats
  2 rat zombies (Ossuary)
135 creatures vanquished.

Notes
Turn   | Place    | Note
-------+----------+-------------------------------------------
     0 | D:1      | HungrySpirit the Hill Orc Wanderer began the quest for the Orb.
     0 | D:1      | HungrySpirit set off with: a +0 shield, a +0 hand axe, a potion of curing, a +0 robe, a bread ration
     0 | D:1      | Reached XP level 1. HP: 16/16 MP: 1/1
   167 | D:1      | Reached skill level 1 in Axes
   245 | D:1      | Reached skill level 2 in Axes
   245 | D:1      | Reached XP level 2. HP: 22/23 MP: 2/2
   877 | D:2      | Reached skill level 3 in Axes
   877 | D:2      | Reached XP level 3. HP: 17/29 MP: 3/3
  1467 | D:2      | Reached XP level 4. HP: 35/37 MP: 4/4
  1575 | D:2      | Reached skill level 4 in Axes
  1765 | D:2      | Noticed Natasha
  1775 | D:2      | Killed Natasha
  2174 | D:3      | Reached XP level 5. HP: 32/45 MP: 5/5
  2180 | D:3      | Reached skill level 5 in Axes
  2414 | D:3      | Found a glowing drain.
  2421 | D:3      | Gained mutation: You are partially covered in molten scales. (AC +2) [potion of mutation]
  2421 | D:3      | Gained mutation: You are occasionally teleported next to monsters. [potion of mutation]
  2421 | D:3      | Gained mutation: Armour fits poorly on your strangely shaped body. [potion of mutation]
  2496 | Sewer    | Entered a sewer
  2644 | Sewer    | Gained mutation: You regenerate slowly when monsters are visible. [potion of mutation]
  2644 | Sewer    | Gained mutation: Your spells are a little easier to cast, but a little less powerful. [potion of mutation]
  2726 | Sewer    | Noticed a big kobold
  2755 | Sewer    | Killed a big kobold
  2755 | Sewer    | Reached skill level 6 in Axes
  2755 | Sewer    | Reached XP level 6. HP: 46/52 MP: 6/6
  3158 | Sewer    | Reached skill level 7 in Axes
  3161 | Sewer    | Reached XP level 7. HP: 47/60 MP: 7/7
  3331 | Sewer    | Reached skill level 5 in Fighting
  3954 | D:3      | Gained mutation: You can translocate small distances at will. [potion of mutation]
  3954 | D:3      | Gained mutation: Your spells are easier to cast, but less powerful. [potion of mutation]
  4236 | D:4      | Reached skill level 8 in Axes
  4420 | D:4      | Found a sand-covered staircase.
  4423 | D:4      | Noticed Robin
  4425 | Ossuary  | Entered an ossuary
  4560 | Ossuary  | Slain by a human zombie

Skill      XL: |  1  2  3  4  5  6  7 |
---------------+----------------------+-----
Axes           | 2 3 4 6 7 8 |  8.9
Fighting       | 2 3 4 5 |  5.5
Armour         | 4 |  4.0
Long Blades    | |  1.1
Dodging        | |  1.5
Stealth        | |  1.0
Shields        | |  1.1
Evocations     | |  1.0

Action                   |  1- 3 |  4- 6 |  7- 9 || total
-------------------------+-------+-------+-------++-------
Melee: Hand axe          |   133 |   285 |   210 ||   628
Evoke: Wand              |       |       |     5 ||     5
  Use: Potion            |     1 |     6 |     3 ||    10
       Scroll            |       |     9 |     2 ||    11
  Eat: Chunk             |     2 |     6 |     5 ||    13
Armor: Ring mail         |    55 |    75 |    52 ||   182
       Robe              |     5 |       |       ||     5
Dodge: Dodged            |    86 |   142 |   102 ||   330
Block: Shield            |     1 |       |       ||     1
